 Dungeon Crawl Stone Soup version 0.23.2-1-ga50397a (webtiles) character file.

Game seed: 17309645693981551816

504 Fang the Skirmisher (level 7, -8/44 HPs)
             Began as a Gargoyle Berserker on May 13, 2019.
             Was a Believer of Trog.
             Mangled by SmSkdm's ghost (9 damage)
             ... on level 4 of the Dungeon.
             The game lasted 00:04:24 (4075 turns).

Fang the Skirmisher (Gargoyle Berserker)            Turns: 4075, Time: 00:04:24

Health: -8/44      AC:  7    Str: 22    XL:     7   Next: 17%
Magic:  7/7        EV: 13    Int:  8    God:    Trog [**....]
Gold:   156        SH:  0    Dex:  9    Spells: 6/6 levels left

rFire    . . .     SeeInvis .   r - +0 hand axe (venom)
rCold    . . .     Gourm    .   (no shield)
rNeg     + . .     Faith    .   b - +0 animal skin
rPois    ∞         Spirit   .   (no helmet)
rElec    +         Reflect  .   (no cloak)
rCorr    .         Harm     .   (no gloves)
MR       .....                  (no boots)
Stlth    +.........             (no amulet)
HPRegen  0.14/turn              (no ring)
MPRegen  0.10/turn              (no ring)

@: confused, berserk cooldown, slowed, glowing, very slow
A: negative energy resistance 1, electricity resistance, unbreathing,
petrification resistance, rot immunity, AC +4
a: Berserk, Trog's Hand, Renounce Religion


You were on level 4 of the Dungeon.
You worshipped Trog.
Trog was pleased with you.
You were near starving.

You visited 1 branch of the dungeon, and saw 4 of its levels.

You collected 156 gold pieces.

Inventory:

Hand Weapons
 a - a +0 hand axe
 r - a +0 hand axe of venom (weapon)
Armour
 b - a +0 animal skin (worn)
Wands
 x - a wand of disintegration (8)
Scrolls
 f - a scroll of enchant armour {unknown}
 h - a scroll of noise {unknown}
 i - 8 scrolls of identify {unknown}
 l - a scroll of fear {unknown}
 m - a scroll of teleportation {unknown}
 n - a scroll of random uselessness {unknown}
 o - 2 scrolls of remove curse {unknown}
 p - 2 scrolls of amnesia {unknown}
 s - 2 scrolls of magic mapping {unknown}
 u - a scroll of blinking {unknown}
 v - 2 scrolls of fog {unknown}
Potions
 d - 2 potions of lignification {unknown}
 e - 4 potions of curing {unknown}
 g - 3 potions of degeneration {unknown}
 j - a potion of mutation {unknown}
 k - a potion of haste {unknown}
 t - 2 potions of might {unknown}
 w - a potion of heal wounds {unknown}
 z - a potion of invisibility {unknown}
 A - a potion of resistance {unknown}
Comestibles
 c - 11 rations


   Skills:
 + Level 5.2 Fighting
 + Level 4.2 Axes
 + Level 4.5 Armour
 + Level 3.3 Dodging


You had 6 spell levels left.
You didn't know any spells.
Your spell library was empty.

Dungeon Overview and Level Annotations

Branches:
Dungeon (4/15)
 Temple: D:4-7

Altars:
Hepliaklqana
Kikubaaqudgha
Qazlal
Sif Muna
Vehumet

Shops:
D:4 !

Annotations:
D:4 SmSkdm's ghost, amateur FeEn


Innate Abilities, Weirdness & Mutations

You are resistant to torment.
Your stone body is resilient. (AC +4)
You are immune to poison.
You resist negative energy. (rN+)
You are resistant to electric shocks. (rElec)
You can survive without breathing.
You are immune to petrification.
You are immune to rotting.


Message History

You bump into the rock wall.
SmSkdm's ghost hits you!
* * * LOW HITPOINT WARNING * * *
SmSkdm's ghost closely misses you.
You bump into the translucent stone wall.
You feel less confused.
SmSkdm's ghost hits you but does no damage.
You barely miss SmSkdm's ghost.
SmSkdm's ghost hits you but does no damage. x2
You closely miss SmSkdm's ghost.
SmSkdm's ghost wails, "You must not fail where I succeeded!"
SmSkdm's ghost stares at you and mumbles some strange words.
You are confused.
You miss SmSkdm's ghost. SmSkdm's ghost casts a spell at you.
You are outlined in light.
SmSkdm's ghost hits you.
* * * LOW HITPOINT WARNING * * *
You miss SmSkdm's ghost. SmSkdm's ghost hits you.
* * * LOW HITPOINT WARNING * * *
SmSkdm's ghost hits you!
You die...

#.# #.# #.# #.# #.# #.
#.# #.# #.# #.######.#
#. #.###.#####.#
#.....##.#####.
#...........#
#####.##.....#.
#####.#######
#.######.#. #.#
######.# #.#. #.#
##......# #.##
#.#########...#####
#.## #.........@....#
#.## #######..#W#...#
#.##
##..##.##..#########.#
#..##...##...##...##.#
#.##.....##..##...##.##
#.#⌠.!♣%.⌠#...........#
#.##.....##.........#.#
#..##)..##............#
##..##W##.............'


You could see SmSkdm's ghost.

Vanquished Creatures
  A bullfrog (D:3)
  A scorpion (D:4)
  An orc priest (D:4)
  3 orc wizards
  A bullfrog skeleton (D:4)
  4 worker ants (D:4)
  7 adders
  An adder skeleton (D:4)
  A dart slug (D:1)
  4 worms
  17 orcs
  2 ball pythons
  A giant cockroach (D:1)
  8 goblins
  5 hobgoblins
  8 jackals
  4 kobolds
  A quokka (D:2)
  4 bats
  A frilled lizard (D:4)
  3 rats
78 creatures vanquished.

Notes
Turn   | Place    | Note
-------+----------+-------------------------------------------
     0 | D:1      | Fang the Gargoyle Berserker began the quest for the Orb.
     0 | D:1      | Reached XP level 1. HP: 14/14 MP: 1/1
   125 | D:1      | Reached XP level 2. HP: 19/19 MP: 2/2
   699 | D:2      | Found a stormy altar of Qazlal.
   806 | D:2      | Reached XP level 3. HP: 21/24 MP: 3/3
  1300 | D:2      | Found a hazy altar of Hepliaklqana.
  1626 | D:3      | Reached ** piety under Trog
  1670 | D:3      | Reached skill level 4 in Fighting
  1670 | D:3      | Reached XP level 4. HP: 11/29 MP: 4/4
  2038 | D:3      | Noticed a bullfrog
  2049 | D:3      | Killed a bullfrog
  2049 | D:3      | Reached XP level 5. HP: 14/33 MP: 5/5
  2708 | D:3      | Found a radiant altar of Vehumet.
  2712 | D:3      | Found an ancient bone altar of Kikubaaqudgha.
  2713 | D:3      | Found a deep blue altar of Sif Muna.
  2958 | D:4      | Reached XP level 6. HP: 20/39 MP: 6/6
  3529 | D:4      | Reached skill level 5 in Fighting
  3545 | D:4      | Reached XP level 7. HP: 36/44 MP: 7/7
  3559 | D:4      | Found a runed translucent door.
  3559 | D:4      | Noticed SmSkdm's ghost (amateur FeEn)
  3641 | D:4      | Found Yxaph's Distillery.
  4075 | D:4      | HP: 1/44 [SmSkdm's ghost (4)]
  4075 | D:4      | Mangled by SmSkdm's ghost

Skill      XL: |  1  2  3  4  5  6 |
---------------+-------------------+-----
Axes           | 3 4 |  4.2
Dodging        | 2 3 |  3.3
Fighting       | 4 5 |  5.2
Armour         | 3 4 |  4.5

Action                   |  1- 3 |  4- 6 |  7- 9 || total
-------------------------+-------+-------+-------++-------
Melee: Hand axe          |   107 |   147 |    29 ||   283
Invok: Berserk           |     2 |     1 |     1 ||     4
  Eat: Chunk             |     2 |     9 |     1 ||    12
Armor: Animal skin       |    35 |    58 |    10 ||   103
Dodge: Dodged            |    67 |    97 |    19 ||   183
